 Dungeon Crawl Stone Soup version 0.19.5 (webtiles) character file.

152 McKennaii the Magician (level 5, -5/28 HPs)
             Began as a Deep Elf Fire Elementalist on May 6, 2017.
             Killed from afar by an orc wizard (11 damage)
             ... with a puff of frost
             ... on level 3 of the Dungeon.
             The game lasted 00:02:42 (1397 turns).

McKennaii the Magician (Deep Elf Fire Elementalist) Turns: 1397, Time: 00:02:43

Health: -5/28      AC:  2    Str:  5    XL:     5   Next: 11%
Magic:  6/14       EV: 13    Int: 21    God:
Gold:   85         SH:  0    Dex: 15    Spells: 2 memorised, 10 levels left

rFire  . . .     SeeInvis .     (no weapon)
rCold  . . .     Gourm    .     a - +0 robe
rNeg   . . .     Faith    .     (no shield)
rPois  .         Spirit   .     (no helmet)
rElec  .         Reflect  .     (no cloak)
rCorr  .         Harm     .     (no gloves)
MR     .....                    (no boots)
Stlth  ++........               (no amulet)
                                (no ring)
                                (no ring)

@: no status effects
A: no striking features
a: no special abilities


You were on level 3 of the Dungeon.
You were not hungry.

You visited 1 branch of the dungeon, and saw 3 of its levels.

You collected 85 gold pieces.

Inventory:

Armour
 a - a +0 robe (worn)
Scrolls
 d - a scroll of remove curse {unknown}
 f - a scroll of enchant weapon {unknown}
 g - a scroll of enchant armour {unknown}
 h - a scroll of random uselessness {unknown}
 j - a scroll of recharging {unknown}
 k - a scroll of fear {unknown}
 l - a scroll of identify {unknown}
 m - a scroll of blinking {unknown}
 r - a scroll of teleportation {unknown}
 s - a scroll of noise {unknown}
Potions
 e - 2 potions of lignification {unknown}
 i - a potion of heal wounds {unknown}
 n - a potion of ambrosia {unknown}
 p - a potion of brilliance {unknown}
Books
 b - a book of Flames

   Spells                             Type                      Level
   a - Flame Tongue                   Conjuration/Fire             1
   b - Throw Flame                    Conjuration/Fire             2
   c - Conjure Flame                  Conjuration/Fire             3
   d - Inner Flame                    Hexes/Fire                   3
   e - Sticky Flame                   Conjuration/Fire             4
   f - Fireball                       Conjuration/Fire             5
Comestibles
 c - 2 bread rations
 o - 3 fruits
 q - 2 chunks of flesh


   Skills:
 + Level 2.8 Dodging
 + Level 3.0 Stealth
 + Level 4.6 Spellcasting
 + Level 2.5 Conjurations
 + Level 4.5 Fire Magic


You had 10 spell levels left.
You knew the following spells:

 Your Spells              Type           Power        Failure   Level  Hunger
a - Flame Tongue          Conj/Fire      ###..        2%          1    None
b - Throw Flame           Conj/Fire      ###...       4%          2    #......


Dungeon Overview and Level Annotations

Branches:
Dungeon (3/15)

Altars:


Message History

Press: ? - help, Shift-Dir - straight line, f/p - orc wizard
Aim: an orc wizard, wielding a dagger and wearing a robe (almost dead)
The flame tongue hits the orc wizard.
You kill the orc wizard!
Your Stealth skill increases to level 3!
You have reached level 5!
Things that are here:
a dagger; a robe Some of the chunks of flesh in your inventory have rotted away.
You hear some strange, mumbled words.
A puff of flame appears from out of thin air!
The puff of flame hits you!
* * * LOW HITPOINT WARNING * * *
There is a stone staircase leading down here.
Your magical contamination has completely faded away.
You see here an adder corpse.
Some of the chunks of flesh in your inventory have rotted away.
A puff of frost appears from out of thin air!
The puff of frost hits you!
You die...

####### #.....####
#.###..@.#
#.######.####### ##
#..†...#<....... .#
######.#.###########.#
#.#.. ..#.#
#.###########)#.#
#....>..........#..
#####.......).))...
#########.#....


There were no monsters in sight!

Vanquished Creatures
  An orc wizard (D:3)
  Jessica (D:3)
  4 adders
  2 worms (D:2)
  2 dart slugs
  3 leopard geckos
  An orc (D:3)
  5 goblins
  6 hobgoblins
  7 jackals
  A quokka (D:2)
  3 bats
  A frilled lizard (D:2)
  7 kobolds
  4 rats
48 creatures vanquished.

Notes
Turn   | Place    | Note
-------+----------+-------------------------------------------
     0 | D:1      | McKennaii the Deep Elf Fire Elementalist began the quest for the Orb.
     0 | D:1      | Reached XP level 1. HP: 10/10 MP: 6/6
   157 | D:1      | Reached XP level 2. HP: 15/15 MP: 5/8
   846 | D:2      | Reached XP level 3. HP: 18/19 MP: 7/10
  1053 | D:2      | Found a faded altar of an unknown god.
  1164 | D:2      | Reached XP level 4. HP: 16/24 MP: 1/12
  1341 | D:3      | Noticed Jessica
  1346 | D:3      | Killed Jessica
  1359 | D:3      | Learned a level 2 spell: Throw Flame
  1370 | D:3      | Reached XP level 5. HP: 13/28 MP: 2/14
  1397 | D:3      | Killed from afar by an orc wizard

Skill      XL: |  1  2  3  4 |
---------------+-------------+-----
Fire Magic     | 4 |  4.5
Spellcasting   | 4 |  4.6
Conjurations   | 2 |  2.5
Stealth        | 3 |  3.0
Dodging        | |  2.8

Action                   |  1- 3 |  4- 6 || total
-------------------------+-------+-------++-------
 Cast: Flame Tongue      |    61 |    22 ||    83
  Eat: Chunk             |       |     1 ||     1
Armor: Robe              |     4 |       ||     4
Dodge: Dodged            |    11 |     1 ||    12
